 Dungeon Crawl Stone Soup version 0.25.1-2-g60ff931df9 (webtiles) character file.

Game seed: 15616401065295675392

77 H0rd4k the Insei (level 4, -1/28 HPs)
             Began as an Octopode Transmuter on Sept 23, 2020.
             Slain by an orc
             ... wielding a +0 falchion
              (9 damage)
             ... on level 3 of the Dungeon.
             The game lasted 00:01:52 (2389 turns).

H0rd4k the Insei (Octopode Transmuter)              Turns: 2389, Time: 00:01:53

Health: -1/28      AC:  1    Str:  9    XL:     4   Next: 33%
Magic:  6/7        EV: 13    Int: 16    God:
Gold:   73         SH:  0    Dex: 12    Spells: 1/7 levels left

rFire    . . .     SeeInvis +     - Unarmed
rCold    . . .     Gourm    .   (no shield)
rNeg     . . .     Faith    .   j - +0 hat
rPois    .         Spirit   .   (no amulet)
rElec    .         Reflect  .   g - ring of see invisible
rCorr    .         Harm     .   (no ring)
MR       .....                  (no ring)
Stlth    +++.......             (no ring)
HPRegen  0.09/turn              (no ring)
MPRegen  0.10/turn              (no ring)
                                (no ring)
                                (no ring)

@: appendage
A: almost no armour, stealthy swim, amphibious, 8 rings, constrict 8, tentacle
spike 3, camouflage 1, gelatinous body 1
a: End Transformation


You were on level 3 of the Dungeon.
You were hungry.
One of your tentacles had a temporary spike.
You visited 1 branch of the dungeon, and saw 3 of its levels.

You collected 73 gold pieces.

Inventory:

Missiles
 a - 23 arrows
 e - 6 atropa-tipped darts
 i - 11 poisoned darts (quivered)
Armour
 j - a +0 hat (worn)
Jewellery
 g - a ring of see invisible (left tentacle)
 n - an uncursed ring of see invisible
Scrolls
 b - 3 scrolls of identify {unknown}
 f - 3 scrolls of remove curse {unknown}
 l - 2 scrolls of teleportation {unknown}
Potions
 d - a potion of haste {unknown}
 h - 2 potions of flight {unknown}
 k - 4 potions of curing {unknown}
 m - a potion of degeneration {unknown}
 o - a potion of brilliance {unknown}
Comestibles
 c - 4 rations


   Skills:
 + Level 1.2 Fighting
 + Level 2.5 Dodging
 + Level 1.4 Stealth
 + Level 3.7 Unarmed Combat
 * Level 2.4 Spellcasting
 * Level 2.7 Transmutations


You had one spell level left.
You knew the following spells:

 Your Spells              Type           Power        Failure   Level  Hunger
a - Beastly Appendage     Tmut           ##....       7%          1    #......
b - Sticks to Snakes      Tmut           ##......     10%         2    ###....
c - Spider Form           Tmut/Pois      #.........   34%         3    ###....

Your spell library contained the following spells:

 Spells                   Type           Power        Failure   Level  Hunger
 Corona                   Hex            #......      21%         1    #......
 Ensorcelled Hibernation  Hex/Ice        #.....       30%         2    ###....
 Confusing Touch          Hex            #.......     52%         3    ###....
 Dazzling Flash           Conj/Hex       #.....       52%         3    ###....
 Tukima's Dance           Hex            #.......     52%         3    ###....
 Ice Form                 Ice/Tmut       #.......     75%         4    #####..
 Blade Hands              Tmut           ##........   88%         5    ######.


Dungeon Overview and Level Annotations

Branches:
Dungeon (3/15)

Altars:


Innate Abilities, Weirdness & Mutations

You cannot wear most types of armour.
You are very stealthy in the water. (Stealth+)
You are amphibious.
You can wear up to eight rings at the same time.
You can use your tentacles to constrict eight enemies at once.
Your skin changes colour to match your surroundings (Stealth+).
Your rubbery body absorbs attacks. (AC +1, EV +1)
One of your tentacles bears a large vicious spike.


Message History

One of your tentacles grows a vicious spike.
You closely miss the orc. Your grab misses the orc.
You pierce the orc, but do no damage.
The orc hits you with a +0 hand axe.
You barely miss the orc. Your grab misses the orc. The orc closely misses you.
You tentacle-slap the orc but do no damage.
You grab the orc.
You pierce the orc.
The orc is heavily wounded.
You constrict the orc, but do no damage.
You tentacle-slap the orc.
You kill the orc!
You tentacle-slap the orc but do no damage.
Your grab misses the orc. Your squeeze misses the orc.
The orc hits you with a +0 falchion!
* * * LOW HITPOINT WARNING * * *
You tentacle-slap the orc but do no damage.
Your grab misses the orc.
Your tentacle spike misses the orc.
You squeeze the orc, but do no damage. The orc barely misses you.
You closely miss the orc. Your grab misses the orc.
You pierce the orc, but do no damage.
The orc hits you with a +0 falchion!
You die...

#.......(.######
########.......#
#.......#
#.......#
#..(....#
#.......#
#.......#
####.......#
#oo@.......#
##'##########
#.......#
#.......#
#.......#
#.......#
#.......####
##+#.......#
#...o...#


You could see 2 orcs.

Vanquished Creatures
  2 adders
  A worm (D:2)
  A dart slug (D:1)
  An orc (D:3)
  A giant cockroach (D:1)
  4 goblins (D:2)
  6 hobgoblins
  12 jackals
  A ball python (D:2)
  8 bats
  A frilled lizard (D:1)
  3 kobolds
  5 rats
46 creatures vanquished.

Notes
Turn   | Place    | Note
-------+----------+-------------------------------------------
     0 | D:1      | H0rd4k the Octopode Transmuter began the quest for the Orb.
     0 | D:1      | Reached XP level 1. HP: 13/13 MP: 3/3
   353 | D:1      | Reached XP level 2. HP: 18/18 MP: 5/5
   881 | D:1      | Reached XP level 3. HP: 22/23 MP: 6/6
   903 | D:1      | Learned a level 2 spell: Sticks to Snakes
   907 | D:1      | Learned a level 3 spell: Spider Form
  1113 | D:2      | Reached skill level 1 in Stealth
  1755 | D:2      | Reached XP level 4. HP: 26/28 MP: 7/7
  2389 | D:3      | Slain by an orc

Illustrated notes

Levels and vault maps discovered:
D:1:      heliophobic_arrival_ceremonial_halls, layout_basic
D:2:      layout_basic, wad_floor_pattern_2, minmay_misc_feat_ornament
D:3:      layout_basic, first_ration, uniq_natasha, uniq_grinder

Skill      XL: |  1  2  3 |
---------------+----------+-----
Stealth        | 1 |  1.4
Fighting       | |  1.2
Dodging        | |  2.5
Unarmed Combat | |  3.7
Spellcasting   | |  2.4
Transmutations | |  2.7

Action                   |  1- 3 |  4- 6 || total
-------------------------+-------+-------++-------
Melee: Unarmed           |    80 |    35 ||   115
       Tentacles         |    18 |     3 ||    21
       Constrict         |    17 |     6 ||    23
       Punch             |     2 |       ||     2
       Kick              |       |     3 ||     3
 Cast: Beastly Appendage |       |     1 ||     1
 Stab: Sleeping          |     5 |       ||     5
  Eat: Chunk             |     3 |     1 ||     4
Armor: Skin              |    16 |       ||    16
Dodge: Dodged            |    67 |    17 ||    84
